 Dungeon Crawl Stone Soup version 0.30-a0-313-gae38170b09 (webtiles) character file.

Game seed: 9552527636324194314

500 Babtu the Chopper (level 6, -1/53 HPs)
             Began as a Minotaur Gladiator on Oct 26, 2022.
             Was an Initiate of Trog.
             Succumbed to PanSaczeczos's ghost's poison
             ... on level 3 of the Dungeon.
             The game lasted 00:09:49 (2026 turns).

Babtu the Chopper (Minotaur Gladiator)              Turns: 2026, Time: 00:09:50

Health: -1/53      AC:  9    Str: 19    XL:     6   Next: 94%
Magic:  5/5        EV:  9    Int:  5    God:    Trog [......]
Gold:   155        SH:  0    Dex: 13    Spells: 5/5 levels left

rFire   . . .      SeeInvis .    a - +0 war axe
rCold   . . .      Faith    .    (no shield)
rNeg    . . .      Spirit   .    q - +0 chain mail
rPois   .          Reflect  .    c - +0 hat
rElec   .          Harm     .    (no cloak)
rCorr   .          Rampage  .    (no gloves)
Will    .....                    (no boots)
Stlth   ..........               (no amulet)
HPRegen 0.28/turn                (no ring)
MPRegen 0.09/turn                (no ring)

@: lethally poisoned (-1 -> -12)
A: horns 2, retaliatory headbutt
a: Renounce Religion


You were on level 3 of the Dungeon.
You worshipped Trog.
Trog was noncommittal.
You visited 1 branch of the dungeon, and saw 3 of its levels.

You collected 155 gold pieces.

Inventory:

Hand Weapons
 a - a +0 war axe (weapon)
Missiles
 d - 2 throwing nets (quivered)
 e - 4 javelins
 k - 4 boomerangs
Armour
 c - a +0 hat (worn)
 q - a +0 chain mail (worn)
Jewellery
 g - a ring of magical power
 s - a +4 ring of evasion
Wands
 v - a wand of digging (1)
Scrolls
 f - a scroll of enchant armour {unknown}
 h - a scroll of noise {unknown}
 m - a scroll of teleportation {unknown}
 n - a scroll of amnesia {unknown}
 p - a scroll of immolation {unknown}
 t - a scroll of blinking {unknown}
 u - 2 scrolls of fear {unknown}
Potions
 b - a potion of mutation {unknown}
 i - 4 potions of curing {unknown}
 j - 2 potions of might {unknown}
 l - a potion of ambrosia {unknown}
 o - a potion of degeneration {unknown}
 r - a potion of lignification {unknown}
 w - a potion of flight {unknown}


   Skills:
 + Level 4.5 Fighting
 + Level 5.3 Axes
 + Level 3.7 Throwing
 + Level 3.6 Armour
 + Level 4.8 Dodging


You had 5 spell levels left.
You didn't know any spells.
Your spell library contained the following spells:

 Spells                   Type           Power      Damage    Failure   Level
 Sandblast                Erth           0%         2d4       99%         1
 Passwall                 Tmut/Erth      0%         N/A       100%        2
 Ozocubu's Armour         Ice            0%         N/A       100%        3
 Stone Arrow              Conj/Erth      0%         3d7       100%        3
 Summon Guardian Golem    Hex/Summ       0%         N/A       100%        3
 Orb of Destruction       Conj           0%         9d5       100%        7
 Ozocubu's Refrigeration  Ice            0%         4d7       100%        7
 Spellforged Servitor     Conj/Summ      0%         N/A       100%        7


Dungeon Overview and Level Annotations

Branches:
Dungeon (3/15)

Altars:
Gozag
Okawaru
Trog
Zin

Annotations:
D:3 1 transporter


Innate Abilities, Weirdness & Mutations

You have a pair of horns on your head.
You reflexively headbutt those who attack you in melee.


Message History

PanSaczeczos's ghost is heavily damaged.
You feel very sick.
PanSaczeczos's ghost hits you but does no damage.
You are more poisoned.
PanSaczeczos's ghost hits you.
You slash PanSaczeczos's ghost!
Your headbutt misses PanSaczeczos's ghost.
PanSaczeczos's ghost is almost destroyed.
You feel very sick. PanSaczeczos's ghost hits you.
You are more poisoned.
You barely miss PanSaczeczos's ghost.
PanSaczeczos's ghost is almost destroyed.
You feel extremely sick. PanSaczeczos's ghost hits you.
You are lethally poisoned!
You slash PanSaczeczos's ghost!
You destroy PanSaczeczos's ghost!
Trog accepts your kill.
* * * LOW HITPOINT WARNING * * *
You feel extremely sick.
You are too injured to fight recklessly!
* * * LOW HITPOINT WARNING * * *
You feel very sick.
You are too injured to fight recklessly!
Unknown command.
Unknown command.
You are too injured to fight recklessly!
Throw: 3 throwing nets
Press: ? - help, Q - select action, (/) - cycle Shift-Dir - straight line, f - ogre
Aim: an ogre, wielding the +7 great mace of Conscience {flame, rC+ MP+9} (75% to hit)
You throw a throwing net. The throwing net hits the ogre.
The ogre is caught in the net!
* * * LOW HITPOINT WARNING * * *
You feel very sick.
The ogre struggles against the net.
* * * LOW HITPOINT WARNING * * *
You feel very sick.
The ogre struggles against the net.
You die...

#.#..#.#..#.#
#.#..#.#..#.#
#.#.©#..##..#
#....#)....©#
###.§#$.##..#
#..#.#..#O#
#..#.#..#.#
#..#..##..#
#..#©...@.#
#..########
#####


You could see an ogre (caught).

Vanquished Creatures
  Grinder (D:3)
  The ghost of PanSaczeczos the Shooter, an amateur HOHu (D:3)
  Jessica (D:2)
  Natasha (thrice) (D:2)
  Robin (D:3)
  A gnoll (D:3)
  4 adders
  A worm (D:2)
  4 dart slugs
  An orc (D:3)
  5 endoplasms
  2 giant cockroaches (D:2)
  4 hobgoblins
  3 jackals (D:2)
  2 ball pythons
  8 bats
  A frilled lizard (D:3)
  8 goblins (D:3)
  3 kobolds
  A rat (D:3)
55 creatures vanquished.

Vanquished Creatures (others)
  5 toadstools (D:1)
5 creatures vanquished.

Grand Total: 60 creatures vanquished

Notes
Turn   | Place    | Note
-------+----------+-------------------------------------------
     0 | D:1      | Babtu the Minotaur Gladiator began the quest for the Orb.
     0 | D:1      | Reached XP level 1. HP: 18/18 MP: 0/0
   376 | D:1      | Found a faded altar of an unknown god.
   672 | D:2      | Reached XP level 2. HP: 25/25 MP: 1/1
   771 | D:2      | Noticed Jessica
   791 | D:2      | Reached skill level 1 in Armour
   794 | D:2      | Killed Jessica
   795 | D:2      | Reached skill level 4 in Axes
   795 | D:2      | Reached XP level 3. HP: 26/31 MP: 2/2
   996 | D:2      | Noticed Natasha
  1001 | D:2      | Killed Natasha
  1002 | D:2      | Reached XP level 4. HP: 27/38 MP: 3/3
  1225 | D:2      | Noticed Natasha
  1230 | D:2      | Killed Natasha
  1283 | D:2      | Noticed Natasha
  1303 | D:2      | Killed Natasha
  1304 | D:2      | Reached XP level 5. HP: 39/45 MP: 4/4
  1354 | D:3      | Noticed Grinder
  1371 | D:3      | Paralysed by Grinder for 5 turns
  1388 | D:3      | Paralysed by Grinder for 2 turns
  1395 | D:3      | Killed Grinder
  1396 | D:3      | Reached skill level 5 in Axes
  1396 | D:3      | Reached XP level 6. HP: 38/52 MP: 5/5
  1569 | D:3      | Noticed PanSaczeczos's ghost (amateur HOHu)
  1571 | D:3      | Identified the +7 great mace of Conscience {flame, rC+
                  | MP+9}
  1580 | D:3      | Found a glowing silver altar of Zin.
  1603 | D:3      | Found a transporter.
  1604 | D:3      | Found a transporter.
  1641 | D:3      | Noticed Robin
  1646 | D:3      | Killed Robin
  1704 | D:3      | Found an opulent altar of Gozag.
  1840 | D:3      | Found a bloodstained altar of Trog.
  1840 | D:3      | Found an iron altar of Okawaru.
  1855 | D:3      | Became a worshipper of Trog the Wrathful
  2022 | D:3      | Killed PanSaczeczos's ghost
  2025 | D:3      | HP: 1/53 [poisoned by PanSaczeczos's ghost]
  2026 | D:3      | Succumbed to PanSaczeczos's ghost's poison

Illustrated notes

Levels and vault maps discovered:
D:1:      ldierk_walled_garden, layout_basic,
          dreamdust_ecumenical_altar_angels_and_demons,
          dreamdust_princess_bridge
D:2:      layout_basic, minmay_misc_feat_columns, grunt_ministairs_2,
          minmay_between, uniq_natasha, uniq_jessica
D:3:      layout_basic, pdpol_temple_overflow_zin_treasury_gozag_greed,
          grunt_temple_overflow_bloody_war, gammafunk_ghost_smash, uniq_grinder,
          uniq_robin

Skill      XL: |  1  2  3  4  5 |
---------------+----------------+-----
Armour         | 1 2 3 |  3.6
Fighting       | 3 4 |  4.5
Axes           | 4 5 |  5.3
Dodging        | 4 |  4.8
Throwing       | 3 |  3.7

Action                   |  1- 3 |  4- 6 || total
-------------------------+-------+-------++-------
Melee: War axe           |    29 |    79 ||   108
       Headbutt          |     2 |    13 ||    15
       Punch             |       |     2 ||     2
Throw: Throwing net      |       |     3 ||     3
 Stab: Held in net/web   |       |     1 ||     1
Armor: Leather armour    |     6 |     4 ||    10
       Chain mail        |       |    35 ||    35
Dodge: Dodged            |    19 |    40 ||    59

Table legend: (Time is in decaauts)
 A = Elapsed time spent in this place.
 B = Non-inter-level travel time spent in this place.
 C = Inter-level travel time spent in this place.
 D = Time resting spent in this place.
 E = Time spent auto-exploring this place.
 F = Levels seen in this place.
 G = Mean time per level.
                   A        B        C        D        E       F      G
               +--------+--------+--------+--------+--------+-----+--------+
         Total |   2061 |   1931 |    130 |      0 |   1465 |   3 |  687.0 |
       Dungeon |   2061 |   1931 |    130 |      0 |   1465 |   3 |  687.0 |
               +--------+--------+--------+--------+--------+-----+--------+

Top non-repeatable levels by time:
     D:2: 753 daAuts
     D:3: 733 daAuts
     D:1: 574 daAuts
